Map: Last Fantasy LE

Players

seenoevil

  • Race: Terran Terran
  • League: Diamond
  • Spawn Location: 12:00

KimChiLoVer - Winner!

  • Race: Terran Terran
  • League: Diamond
  • Spawn Location: 7:00

VOD

Have the link to the VOD?

Description

Time

  • Played on: Aug. 23, 2025, 1:07 p.m.
  • Length: 13:48
Show
View Real Time Build Order
Export as new Build Order

seenoevil Terran 

Build Orders:  

Get SALT Encoding   

  12  0:00  SCV  
  13  0:12  SCV  
  14  0:18  Supply Depot  
  14  0:24  SCV  
  15  0:39  SCV  
  16  0:43  Barracks  
  16  0:47  Refinery  
  16  0:52  SCV  
  17  0:57  Refinery  
  17  1:04  SCV  
  18  1:16  SCV  
  19  1:30  Reaper  
  20  1:33  SCV  
  20  1:38  Supply Depot  
  21  1:45  SCV  
  22  1:54  Factory  
  22  1:57  SCV  
  23  2:02  Reaper  
  24  2:09  SCV  
  24  2:13  Supply Depot  
  25  2:21  Orbital Command  
  24  2:41  Hellion  
  26  2:48  SCV  
  26  2:50  Command Center  
  27  2:51  Barracks Tech Lab  
  27  3:00  SCV  
  27  3:02  Hellion  
  30  3:10  Marine  
  32  3:12  SCV  
  32  3:14  Supply Depot  
  32  3:24  Starport, SCV  
  33  3:33  Factory Tech Lab  
  33  3:37  SCV  
  34  3:49  SCV  
  34  3:52  Cyclone  
  38  4:01  SCV, Starport Tech Lab  
  39  4:02  Starport  
  39  4:04  Orbital Command  
  39  4:13  SCV  
  40  4:20  Viking  
  42  4:25  SCV  
  42  4:28  Hellion  
  42  4:30  Orbital Command  
  45  4:40  Starport Tech Lab  
  45  4:41  Engineering Bay  
  45  4:42  Fusion Core  
  45  4:44  SCV  
  46  4:55  SCV  
  46  4:56  SCV  
  48  5:08  SCV x2  
  48  5:09  Refinery  
  48  5:10  Refinery  
  48  5:13  Missile Turret  
  50  5:17  Viking x2  
  50  5:20  SCV x2  
  56  5:25  Supply Depot x2  
  56  5:29  Weapon Refit  
  56  5:32  SCV x2  
  58  5:44  SCV x2  
  60  5:51  Viking x2  
  60  5:56  SCV x2  
  66  5:57  Starport  
  66  6:03  Supply Depot  
  66  6:04  Supply Depot  
  66  6:07  Supply Depot  
  66  6:08  SCV  
  66  6:10  SCV  
  68  6:20  SCV  
  68  6:22  SCV  
  68  6:24  Command Center  
  70  6:32  SCV  
  71  6:34  SCV, Starport Tech Lab  
  71  6:37  Battlecruiser  
  78  6:41  Battlecruiser  
  78  6:44  SCV  
  78  6:46  SCV  
  86  6:51  Supply Depot  
  86  6:52  Supply Depot  
  86  6:56  SCV  
  86  6:58  SCV  
  73  7:17  Battlecruiser  
  79  7:23  Refinery  
  79  7:25  Refinery  
  79  7:29  Supply Depot  
  79  7:30  Supply Depot  
  79  7:34  Command Center  
  79  7:36  Orbital Command  
  79  7:41  SCV x2  
  81  7:45  Battlecruiser  
  87  7:53  SCV  
  87  7:54  SCV  
  89  8:00  Battlecruiser  
  89  8:04  SCV  
  96  8:05  SCV  
  96  8:06  SCV  
  98  8:14  Supply Depot  
  98  8:15  Supply Depot x2  
  98  8:16  SCV  
  98  8:18  SCV x2  
  101  8:23  Battlecruiser  
  107  8:27  Starport  
  107  8:28  SCV  
  107  8:30  SCV  
  109  8:39  Starport  
  109  8:40  Supply Depot  
  109  8:42  Supply Depot  
  109  8:44  Supply Depot  
  109  8:52  Orbital Command  
  109  8:54  SCV x3, Refinery  
  112  9:00  Battlecruiser  
  118  9:06  Battlecruiser, SCV x3  
  118  9:07  Starport Tech Lab  
  127  9:15  Starport Tech Lab  
  127  9:18  SCV x3  
  127  9:20  Refinery  
  127  9:21  SCV  
  131  9:27  Battlecruiser  
  131  9:30  SCV x2  
  131  9:31  SCV  
  140  9:33  SCV  
  141  9:42  SCV  
  141  9:43  SCV x2  
  144  9:46  Battlecruiser, SCV  
  144  9:52  Command Center  
  151  9:55  SCV x3  
  160  10:00  Battlecruiser  
  160  10:02  Armory  
  160  10:06  Armory  
  160  10:11  SCV  
  161  10:17  Battlecruiser  
  167  10:25  Command Center  
  167  10:32  Barracks  
  167  10:33  Barracks  
  167  10:35  Barracks x2  
  166  10:36  Barracks x2  
  166  10:37  Barracks  
  166  10:39  Battlecruiser  
  148  11:09  Battlecruiser  
  148  11:10  Battlecruiser  
  138  11:25  Battlecruiser  
  123  11:53  Battlecruiser x2  
  135  11:55  SCV x2  
  135  11:56  SCV  
  138  12:05  Orbital Command  
  138  12:07  Refinery  
  138  12:19  SCV x2  
  138  12:20  SCV x2  
  142  12:29  Battlecruiser x2  
  154  12:31  SCV x2  
  154  12:33  Refinery  
  156  12:38  SCV x2  
  156  12:41  Battlecruiser  
  164  12:54  Command Center  
  169  13:00  Command Center  
  176  13:08  Barracks x3  
  176  13:10  Barracks x2, Barracks Tech Lab x3  
Show
View Real Time Build Order
Export as new Build Order

KimChiLoVer Terran - Winner!

Build Orders: Reaper Expand 

Get SALT Encoding   

  12  0:00  SCV  
  13  0:12  SCV  
  14  0:17  Supply Depot  
  14  0:26  SCV  
  15  0:39  SCV  
  15  0:41  Barracks  
  16  0:46  Refinery  
  16  0:51  SCV  
  17  1:03  SCV  
  18  1:15  SCV  
  19  1:28  Orbital Command  
  19  1:30  Reaper  
  20  1:42  Command Center  
  20  1:55  Supply Depot  
  20  1:56  SCV  
  21  2:02  Marine  
  21  2:08  SCV  
  23  2:11  Factory  
  23  2:15  Refinery  
  23  2:42  SCV  
  23  2:50  Barracks Reactor  
  23  2:54  SCV  
  23  2:55  Barracks  
  23  2:57  Barracks  
  24  3:01  Factory Tech Lab  
  24  3:03  Orbital Command  
  24  3:11  SCV  
  25  3:23  SCV, Cyclone  
  29  3:27  Marine x2  
  29  3:31  SCV  
  32  3:35  SCV  
  33  3:43  SCV  
  33  3:47  Marine  
  33  3:48  SCV, Marine x2  
  38  3:55  SCV  
  39  4:02  Command Center  
  39  4:04  SCV  
  39  4:07  SCV  
  41  4:12  Factory Reactor  
  41  4:16  SCV  
  42  4:17  Stimpack  
  42  4:18  Starport, Marine  
  42  4:23  SCV  
  44  4:28  Engineering Bay  
  44  4:31  Engineering Bay  
  44  4:32  Marine x2  
  46  4:52  Supply Depot  
  46  4:58  Terran Infantry Weapons Level 1, Terran Infantry Armor Level 1  
  46  5:04  Factory Tech Lab  
  46  5:05  Supply Depot  
  46  5:09  Marine x3  
  46  5:10  SCV x2  
  46  5:11  Barracks  
  51  5:16  Medivac x2  
  51  5:17  Orbital Command  
  55  5:22  SCV x2  
  55  5:25  Supply Depot, Marine  
  55  5:27  Marine  
  59  5:32  Siege Tank  
  59  5:34  SCV  
  63  5:39  Refinery  
  63  5:45  Missile Turret  
  63  5:48  Missile Turret  
  63  5:49  Missile Turret  
  63  5:53  SCV  
  63  5:54  Missile Turret  
  64  5:59  Marine x2  
  66  6:07  Armory  
  66  6:08  Medivac  
  66  6:10  Marine  
  69  6:18  Siege Tank  
  69  6:22  SCV  
  73  6:27  Refinery  
  73  6:31  Orbital Command, Missile Turret  
  73  6:34  SCV  
  73  6:36  Missile Turret  
  74  6:40  Combat Shield  
  74  6:46  SCV  
  74  6:47  Barracks  
  75  6:48  Barracks  
  75  6:53  Missile Turret  
  75  6:57  Marine x4  
  60  7:19  Barracks Tech Lab  
  60  7:20  Siege Tank  
  60  7:21  Medivac x2  
  60  7:22  SCV  
  68  7:24  SCV x2  
  68  7:29  Supply Depot  
  70  7:34  SCV  
  70  7:35  Barracks Reactor  
  70  7:36  SCV x2, Marine x3, Barracks Reactor  
  77  7:39  Barracks Tech Lab  
  77  7:42  Terran Infantry Weapons Level 2  
  76  7:44  Terran Infantry Armor Level 2  
  76  7:46  SCV  
  77  7:54  Marine x3  
  77  7:56  Missile Turret  
  77  7:58  SCV  
  81  8:01  Starport  
  81  8:10  SCV  
  81  8:11  Siege Tank  
  81  8:12  Marine x9  
  94  8:20  Refinery  
  94  8:22  SCV  
  94  8:25  SCV x2  
  94  8:26  Command Center  
  97  8:28  Viking  
  97  8:29  Marine x2  
  97  8:33  Supply Depot  
  101  8:39  Starport Reactor  
  101  8:42  Terran Vehicle And Ship Armor Level 1  
  101  8:51  Supply Depot  
  101  8:52  Supply Depot  
  101  8:54  SCV, Marine x4  
  101  8:55  Concussive Shells  
  106  8:56  Marine x2, Marauder x3  
  114  9:06  SCV  
  115  9:10  Refinery, Viking  
  115  9:12  Marine x4, Viking  
  115  9:14  Marine x2  
  125  9:17  Marine x3  
  125  9:19  SCV  
  125  9:20  Missile Turret  
  125  9:22  Supply Depot  
  129  9:24  Supply Depot  
  129  9:28  SCV  
  130  9:41  Missile Turret  
  130  9:44  Marine x4  
  130  9:45  Marine x4  
  137  9:46  Missile Turret  
  137  9:48  Viking x2  
  141  10:02  Viking x2  
  141  10:05  Missile Turret  
  141  10:06  Missile Turret  
  145  10:07  Marine  
  145  10:13  Terran Infantry Weapons Level 3  
  146  10:18  Refinery  
  146  10:19  Terran Infantry Armor Level 3  
  146  10:21  Refinery  
  146  10:27  Marine x7  
  153  10:42  Marine x2  
  155  10:44  Marine  
  155  10:45  Marine x5  
  96  11:23  Marine  
  96  11:24  Marine x8  
  96  11:32  Viking x2  
  93  11:41  Marine  
  93  11:42  Marine x8  
  93  11:44  Orbital Command  
  91  11:49  Viking x2  
  88  11:59  Marine x6  
  88  12:00  Marine x3  
  97  12:02  Viking  
  97  12:14  Viking  
  99  12:16  SCV  
  99  12:17  Marine x9  
  99  12:19  Viking  
  99  12:22  Medivac  
  113  12:28  SCV  
  114  12:32  SCV x3, Medivac  
  114  12:34  Marine  
  114  12:35  Marine x8  
  128  12:37  Supply Depot  
  128  12:40  SCV  
  129  12:45  Barracks x2  
  129  12:48  Barracks  
  129  12:52  Marine  
  129  12:53  Marine x8  
  129  12:55  Medivac  
  129  12:56  Viking  
  142  13:04  Thor  
  148  13:06  SCV  
  148  13:10  Marine  
  148  13:11  Marine x8  
  158  13:18  SCV  
  149  13:28  Marine x3  
  149  13:29  Marine x6  
Tags
 
Add a new tag
Caveats
  • Supply blocks, unpowered buildings, or Contaminate may cause inaccurate times.
  • Supply counts are checked every 10 seconds.